 Dungeon Crawl Stone Soup version 0.23.1 (webtiles) character file.

Game seed: 11649761469975166037

35 vishdafish the Skirmisher (level 3, 0/29 HPs)
             Began as a Demonspawn Fighter on Mar 16, 2019.
             Was an Initiate of Gozag.
             Killed from afar by an orc wizard (10 damage)
             ... with a puff of flame
             ... on level 3 of the Dungeon.
             The game lasted 00:01:24 (1712 turns).

vishdafish the Skirmisher (Demonspawn Fighter)      Turns: 1712, Time: 00:01:25

Health: 0/29       AC:  6    Str: 17    XL:     3   Next: 16%
Magic:  3/3        EV:  7    Int:  9    God:    Gozag
Gold:   140        SH:  9    Dex: 12    Spells: 2/2 levels left

rFire    . . .     SeeInvis .   a - +0 war axe
rCold    . . .     Gourm    .   c - +0 shield
rNeg     . . .     Faith    +   b - +0 scale mail
rPois    .         Spirit   .   (helmet restricted)
rElec    .         Reflect  .   (no cloak)
rCorr    .         Harm     .   (no gloves)
MR       .....                  (no boots)
Stlth    ..........             g - amulet of faith
HPRegen  0.09/turn              (no ring)
MPRegen  0.08/turn              (no ring)

@: no status effects
A: antennae 1
a: Potion Petition, Call Merchant, Bribe Branch, Renounce Religion


You were on level 3 of the Dungeon.
You worshipped Gozag.
Gozag was aware of your devotion.
You were not hungry.

You visited 1 branch of the dungeon, and saw 3 of its levels.

You collected 164 gold pieces.
You paid 24 gold pieces to Gozag.

Inventory:

Hand Weapons
 a - a +0 war axe (weapon)
Armour
 b - a +0 scale mail (worn)
 c - a +0 shield (worn)
Jewellery
 g - an amulet of faith (around neck)
 r - a +2 ring of dexterity {unknown}
Scrolls
 e - 3 scrolls of identify {unknown}
 i - 3 scrolls of teleportation {unknown}
 j - a scroll of magic mapping {unknown}
 l - a scroll of enchant armour {unknown}
 o - a scroll of remove curse {unknown}
 q - a scroll of enchant weapon {unknown}
Potions
 d - a potion of might
 h - 3 potions of curing {unknown}
 k - a potion of ambrosia {unknown}
 m - 2 potions of heal wounds {unknown}
 n - 2 potions of cancellation {unknown}
 p - a potion of haste {unknown}
Comestibles
 f - 4 rations


   Skills:
 + Level 3.3 Fighting
 + Level 2.1 Axes
 + Level 2.9 Armour
 + Level 0.2 Dodging
 + Level 3.2 Shields


You had 2 spell levels left.
You didn't know any spells.
Your spell library was empty.

Dungeon Overview and Level Annotations

Branches:
Dungeon (3/15)

Altars:
Gozag
Uskayaw

Shops:
D:2 *


Innate Abilities, Weirdness & Mutations

You have a pair of small antennae on your head.


Message History

You closely miss something. Something hits you.
You closely miss something. Something hits you but does no damage.
Something hits you.
You closely miss something. You block something's attack.
You closely miss something. Something completely misses you.
Something hits you.
You closely miss something. Something completely misses you.
You closely miss something.
Something hits you but does no damage. x2
You closely miss something.
You hear some strange, mumbled words.
A puff of flame appears from out of thin air!
The puff of flame hits you. Something hits you.
You miss something. Something hits you but does no damage.
You miss something. You block something's attack. x2
You miss something.
You hear some strange, mumbled words.
A puff of flame appears from out of thin air!
The puff of flame hits you!
You die...
Your body crumbles into a pile of gold.

#♣. .. ♣.♣ ..
#######.# #
....#.. .#
######>..##.#
##.....#.....##
###.......@{.$..##
.....[...........#
#...............#
#....$<.........#
#.........">....#
#...............#
#.[.............#
##.............##
##.....#.....##


There were no monsters in sight!

Vanquished Creatures
  A worm (D:2)
  A dart slug (D:2)
  2 orcs
  3 hobgoblins (D:1)
  3 jackals (D:2)
  4 kobolds
  A quokka (D:2)
  A ball python (D:2)
  5 bats
  A frilled lizard (D:1)
  3 goblins
25 creatures vanquished.

Notes
Turn   | Place    | Note
-------+----------+-------------------------------------------
     0 | D:1      | vishdafish the Demonspawn Fighter began the quest for the
                  | Orb.
     0 | D:1      | Reached XP level 1. HP: 18/18 MP: 1/1
   229 | D:1      | Gained mutation: You have a pair of small antennae on your
                  | head. [demonic ancestry]
   229 | D:1      | Reached XP level 2. HP: 19/24 MP: 2/2
   691 | D:2      | Found an opulent altar of Gozag.
   718 | D:2      | Found Gozag's Platinum Reserve.
   722 | D:2      | Became a worshipper of Gozag Ym Sagoz the Greedy
   763 | D:2      | You fall through a shaft!
  1063 | D:2      | Found a hide-covered altar of Uskayaw.
  1368 | D:2      | Reached XP level 3. HP: 29/29 MP: 3/3
  1712 | D:3      | Killed from afar by an orc wizard

Skill      XL: |  1  2  3 |
---------------+----------+-----
Shields        | 3 |  3.2
Axes           | 2 |  2.1
Fighting       | |  3.3
Armour         | |  2.9
Dodging        | |  0.2

Action                   || total
-------------------------++-------
Melee: War axe           ||    91
  Eat: Ration            ||     1
Armor: Scale mail        ||    54
Dodge: Dodged            ||    26
Block: Shield            ||    46
